 Dungeon Crawl Stone Soup version 0.28.0-43-g3370ac3207 (webtiles) character file.

Game seed: 15174112363842537441

32 Jerry the Chucker (level 3, 35/35 HPs)
             Began as a Troll Hunter on Mar 7, 2022.
             Was a Follower of Cheibriados.
             Quit the game on level 1 of the Dungeon.
             The game lasted 00:02:49 (317 turns).

Jerry the Chucker (Troll Hunter)                     Turns: 317, Time: 00:02:50

Health: 35/35      AC:  4    Str: 22    XL:     3   Next: 10%
Magic:  2/2        EV: 10    Int: 11    God:    Cheibriados [*.....]
Gold:   9          SH:  0    Dex: 12    Spells: 2/2 levels left

rFire   . . .      SeeInvis .   a - +0 short sword
rCold   . . .      Faith    .   (no shield)
rNeg    . . .      Spirit   .   b - +0 robe
rPois   .          Reflect  .   (helmet restricted)
rElec   .          Harm     .   (no cloak)
rCorr   .          Rampage  .   (gloves unavailable)
Will    .....                   (boots unavailable)
Stlth   +.........              (no amulet)
HPRegen 0.91/turn               (no ring)
MPRegen 0.08/turn               (no ring)

@: very slow
A: large, unfitting armour, claws 3, regeneration 1, shaggy fur 1, tough skin 1
a: Renounce Religion, Bend Time


You were on level 1 of the Dungeon.
You worshipped Cheibriados.
Cheibriados was aware of your devotion.
You visited 1 branch of the dungeon, and saw 1 of its levels.

You collected 9 gold pieces.

Inventory:

Hand Weapons
 a - a +0 short sword (weapon)
Missiles
 c - 5 large rocks (quivered)
 d - 2 throwing nets
Armour
 b - a +0 robe (worn)


   Skills:
 - Level 2.0 Fighting
 + Level 3.9 Throwing
 + Level 2.1 Dodging
 - Level 0.3 Stealth
 * Level 0.8 Unarmed Combat


You had 2 spell levels left.
You didn't know any spells.
Your spell library was empty.

Dungeon Overview and Level Annotations

Branches:
Dungeon (1/15)

Altars:
Cheibriados


Innate Abilities, Weirdness & Mutations

You are too large for most types of armour.
You have claws for hands.
Your natural rate of healing is unusually fast.
You are covered in fur. (AC +1)
You have tough skin. (AC +1)


Message History

The jackal bites you but does no damage.
You closely miss the kobold. The kobold barely misses you.
The jackal bites you. The kobold hits you with a +0 dagger.
You hit the kobold.
You kill the kobold!
The jackal bites you but does no damage. x2
You barely miss the jackal. The jackal closely misses you.
You hit the jackal.
The jackal is heavily wounded.
The jackal barely misses you. x2
You barely miss the jackal.
The jackal is heavily wounded.
The jackal bites you.
You hit the jackal.
The jackal is almost dead.
The jackal completely misses you.
The jackal bites you but does no damage.
You barely miss the jackal. Your claw misses the jackal.
The jackal is almost dead.
The jackal closely misses you.
You miss the jackal.
The jackal is almost dead.
The jackal barely misses you. The jackal completely misses you.
You barely miss the jackal.
The jackal is almost dead.
The jackal misses you.
You hit the jackal.
You kill the jackal!
No target in view!
Things that are here:
a +0 dagger; 2 stones; a kobold corpse
There is a faded altar of an unknown god here.
You cannot tell which god this altar belongs to.
Convert to them anyway?
Cheibriados accepts your prayer! Cheibriados welcomes you!
Cheibriados begins to support your attributes as your movement slows.
Cheibriados is now slowing the effects of poison on you.
You can now bend time to slow others.
Cheibriados raises the support of your attributes as your movement slows.
Are you sure you want to abandon this character and quit the game? (Confirm with "yes".)

## ###. ###.#[
#8.8.# ######...>##
....8.8.8.8##
####....@....###
.....8.....8...#
#####†)...###.#
##.).8.###
####..........
..#####...........##
###
.........########...
..# ######..# .###
#.# #..## # #.#


There were no monsters in sight!

Vanquished Creatures
  A gnoll (D:1)
  A bat (D:1)
  3 endoplasms (D:1)
  A giant cockroach (D:1)
  A goblin (D:1)
  4 jackals (D:1)
  4 kobolds (D:1)
  A quokka (D:1)
  A ball python (D:1)
  A frilled lizard (D:1)
  2 rats (D:1)
20 creatures vanquished.

Vanquished Creatures (others)
  A ghoul (D:1)
  A demonspawn (D:1)
  A vine stalker (D:1)
  2 gargoyles (D:1)
  A merfolk (D:1)
  2 trolls (D:1)
  A spriggan (D:1)
  A human (D:1)
  2 dwarves (D:1)
  A mummy (D:1)
  2 gnolls (D:1)
  10 tentacles (D:1)
25 creatures vanquished.

Grand Total: 45 creatures vanquished

Notes
Turn   | Place    | Note
-------+----------+-------------------------------------------
     0 | D:1      | Jerry the Troll Hunter began the quest for the Orb.
     0 | D:1      | Reached XP level 1. HP: 19/19 MP: 0/0
     2 | D:1      | Noticed a dwarf
     2 | D:1      | Noticed a gargoyle
     2 | D:1      | Noticed a troll
     2 | D:1      | Noticed a gargoyle
     2 | D:1      | Noticed a vine stalker
     2 | D:1      | Noticed a kraken
     2 | D:1      | Noticed a merfolk
     2 | D:1      | Noticed a spriggan
     2 | D:1      | Noticed a ghoul
     2 | D:1      | Noticed a human
     2 | D:1      | Noticed a demonspawn
     2 | D:1      | Noticed a dwarf
     2 | D:1      | Noticed a troll
     6 | D:1      | Killed a spriggan
     7 | D:1      | Killed a dwarf
     8 | D:1      | Killed a gargoyle
    10 | D:1      | Killed a troll
    11 | D:1      | Killed a merfolk
    13 | D:1      | Killed a vine stalker
    14 | D:1      | Killed a gargoyle
    16 | D:1      | Killed a human
    20 | D:1      | Killed a demonspawn
    21 | D:1      | Killed a ghoul
    21 | D:1      | Killed a troll
    25 | D:1      | Killed a dwarf
   145 | D:1      | Reached XP level 2. HP: 28/28 MP: 1/1
   275 | D:1      | Found a faded altar of an unknown god.
   294 | D:1      | Reached XP level 3. HP: 33/35 MP: 2/2
   316 | D:1      | Prayed at the altar of an unknown god.
   316 | D:1      | Became a worshipper of Cheibriados the Contemplative
   316 | D:1      | Reached * piety under Cheibriados
   317 | D:1      | Quit the game

Illustrated notes

Levels and vault maps discovered:
D:1:      nicolae_arrival_kraken_aquarium_b, layout_loops_ring, serial_shops,
          nicolae_shop_statue_plus, ebering_ecumenical_altar_ruins,
          minmay_tromino_v4_c

Skill      XL: |  1  2 |
---------------+-------+-----
Fighting       | 2 |  2.0
Dodging        | 2 |  2.1
Throwing       | |  3.9
Stealth        | |  0.3
Unarmed Combat | |  0.8

Action                   || total
-------------------------++-------
Melee: Short sword       ||    71
 Stab: Sleeping          ||     1
Armor: Robe              ||    47
Dodge: Dodged            ||    62
